 Dungeon Crawl Stone Soup version 0.29-a0-337-g68df138881 (webtiles) character file.

Game seed: 4860999187410958343

554 Dauddaud the Cleaver (level 7, -5/57 HPs)
             Began as a Minotaur Berserker on Apr 15, 2022.
             Was a Priest of Trog.
             Slain by a gnoll shaman
             ... wielding a +0 whip
              (8 damage)
             ... on level 4 of the Dungeon.
             The game lasted 00:09:27 (2553 turns).

Dauddaud the Cleaver (Minotaur Berserker)           Turns: 2553, Time: 00:09:29

Health: -5/57      AC:  7    Str: 23    XL:     7   Next: 8%
Magic:  6/6        EV: 10    Int:  4    God:    Trog [***...]
Gold:   119        SH:  0    Dex: 10    Spells: 6/6 levels left

rFire   . . .      SeeInvis .   a - +0 hand axe
rCold   . . .      Faith    .   (no shield)
rNeg    . . .      Spirit   .   u - +0 scale mail
rPois   +          Reflect  .   (helmet restricted)
rElec   .          Harm     .   t - +0 cloak
rCorr   .          Rampage  .   (no gloves)
Will    .....                   (no boots)
Stlth   ..........              h - amulet of regeneration
HPRegen 0.99/turn               i - ring of poison resistance
MPRegen 0.10/turn               (no ring)

@: on berserk cooldown
A: horns 2, retaliatory headbutt
a: Renounce Religion, Berserk, Trog's Hand


You were on level 4 of the Dungeon.
You worshipped Trog.
Trog was most pleased with you.
You visited 1 branch of the dungeon, and saw 4 of its levels.

You collected 119 gold pieces.

Inventory:

Hand Weapons
 a - a +0 hand axe (weapon)
 p - a +0 whip of venom
Armour
 b - a +0 animal skin
 l - a +0 leather armour
 t - a +0 cloak (worn)
 u - a +0 scale mail (worn)
Jewellery
 h - an amulet of regeneration (around neck)
 i - a ring of poison resistance (left hand)
Scrolls
 c - 2 scrolls of magic mapping {unknown}
 e - 2 scrolls of identify {unknown}
 f - 2 scrolls of amnesia {unknown}
 n - a scroll of fog {unknown}
 r - a scroll of vulnerability {unknown}
Potions
 d - a potion of flight {unknown}
 g - 2 potions of heal wounds {unknown}
 j - 2 potions of berserk rage {unknown}
 k - a potion of cancellation {unknown}
 m - a potion of curing {unknown}
 o - a potion of degeneration {unknown}
 q - a potion of lignification {unknown}
 s - a potion of attraction {unknown}


   Skills:
 - Level 3.6 Fighting
 + Level 9.8 Axes
 - Level 2.4 Armour
 - Level 2.1 Dodging


You had 6 spell levels left.
You didn't know any spells.
Your spell library was empty.

Dungeon Overview and Level Annotations

Branches:
Dungeon (4/15)
 Temple: D:4-7

Altars:

Shops:
D:1 (


Innate Abilities, Weirdness & Mutations

You have a pair of horns on your head.
You reflexively headbutt those who attack you in melee.


Message History

The gnoll shaman closely misses you. You furiously retaliate!
You headbutt the gnoll shaman!
The gnoll hits you with a +0 vorpal flail!
* * * LOW HITPOINT WARNING * * *
x2 The gnoll shaman calls upon its god to speed up the gnoll.
The gnoll seems to speed up.
You're still recovering from your berserk rage.
You barely miss the gnoll.
The gnoll is severely wounded.
You hit the orc. You hit the gnoll shaman.
The gnoll hits you but does no damage. The orc hits you but does no damage.
The gnoll shaman barely misses you.
You hit the gnoll. You headbutt the gnoll.
The gnoll is almost dead.
You hit the gnoll shaman but do no damage.
You hit the orc.
You kill the orc!
Trog accepts your kill. The gnoll completely misses you.
You furiously retaliate!
You headbutt the gnoll!
You kill the gnoll!
Trog accepts your kill.
The gnoll shaman hits you with a +0 whip.
* * * LOW HITPOINT WARNING * * *
You hit the gnoll shaman but do no damage.
The gnoll shaman is severely wounded.
The gnoll shaman hits you with a +0 whip.
* * * LOW HITPOINT WARNING * * *
You closely miss the gnoll shaman. Your headbutt misses the gnoll shaman.
The gnoll shaman is severely wounded.
The gnoll shaman mumbles some strange prayers to its god.
The gnoll shaman is healed somewhat.
The endoplasm jiggles.
You hit the gnoll shaman but do no damage.
The gnoll shaman is heavily wounded.
You feel yourself speed up.
The gnoll shaman hits you with a +0 whip.
* * * LOW HITPOINT WARNING * * *
The gnoll shaman hits you with a +0 whip!
You die...

?.
..###+#
.......
..#....
.......
.......
#..g####
#..)@..#
#..)...#
##.#.###
....$.
### #.#
#.. #..
#..


You could see a gnoll shaman.

Vanquished Creatures
  Sigmund (D:3)
  2 orc priests (D:3)
  Crazy Yiuf (D:3)
  A scorpion zombie (D:3)
  Natasha (thrice) (D:3)
  A hound skeleton (D:3)
  Robin (D:2)
  7 adders
  4 gnolls
  2 adder zombies (D:3)
  2 worms (D:2)
  A dart slug (D:2)
  7 orcs
  3 ball pythons
  2 endoplasms (D:1)
  3 giant cockroaches
  8 hobgoblins
  3 jackals (D:1)
  A quokka (D:2)
  A ball python skeleton (D:3)
  2 ball python zombies (D:3)
  3 frilled lizards
  11 goblins
  A jackal skeleton (D:3)
  2 kobolds (D:2)
  A quokka zombie (D:3)
  8 rats
82 creatures vanquished.

Vanquished Creatures (others)
  A demonic plant (D:1)
  8 fungi
  2 withered plants (D:3)
11 creatures vanquished.

Grand Total: 93 creatures vanquished

Notes
Turn   | Place    | Note
-------+----------+-------------------------------------------
     0 | D:1      | Dauddaud the Minotaur Berserker began the quest for the
                  | Orb.
     0 | D:1      | Reached XP level 1. HP: 19/19 MP: 0/0
    35 | D:1      | Reached skill level 4 in Axes
   230 | D:1      | Found Biuliesch's Antique Weapon Shop.
   443 | D:1      | Found a faded altar of an unknown god.
   446 | D:1      | Reached XP level 2. HP: 26/26 MP: 1/1
   910 | D:2      | Reached skill level 5 in Axes
   910 | D:2      | Reached XP level 3. HP: 22/31 MP: 2/2
  1127 | D:2      | Reached ** piety under Trog
  1276 | D:2      | Reached skill level 6 in Axes
  1276 | D:2      | Reached XP level 4. HP: 39/39 MP: 3/3
  1574 | D:2      | Noticed Robin
  1587 | D:2      | Killed Robin
  1715 | D:3      | Noticed Natasha
  1724 | D:3      | Killed Natasha
  1853 | D:3      | Reached skill level 7 in Axes
  1853 | D:3      | Reached XP level 5. HP: 44/45 MP: 4/4
  1875 | D:3      | Noticed Natasha
  1880 | D:3      | Killed Natasha
  1930 | D:3      | Reached skill level 8 in Axes
  1932 | D:3      | Reached XP level 6. HP: 39/51 MP: 5/5
  1937 | D:3      | Reached *** piety under Trog
  1939 | D:3      | Noticed Natasha
  1946 | D:3      | Killed Natasha
  1954 | D:3      | Noticed Sigmund
  1971 | D:3      | Killed Sigmund
  1972 | D:3      | Reached skill level 9 in Axes
  2380 | D:3      | Found a runed translucent door.
  2381 | D:3      | Noticed Crazy Yiuf
  2387 | D:3      | Killed Crazy Yiuf
  2515 | D:3      | Reached XP level 7. HP: 42/57 MP: 6/6
  2553 | D:4      | Slain by a gnoll shaman

Illustrated notes

Levels and vault maps discovered:
D:1:      tarquinn_simple_flora_water_d, layout_rooms, serial_shops,
          shop_fountains, shapermc_ecumenical_altar_gd, minmay_door_square,
          lemuel_another_geyser
D:2:      layout_loops_ring, uniq_robin
D:3:      layout_rooms, serial_undead, serial_undead_b, serial_undead_e,
          serial_undead_c, serial_undead_d, serial_undead_a, serial_undead_f,
          serial_undead_c, serial_undead_a, uniq_crazy_yiuf_cottage,
          uniq_sigmund, uniq_natasha
D:4:      minmay_chambers_of_twos, layout_basic, uniq_duvessa

Skill      XL: |  1  2  3  4  5  6 |
---------------+-------------------+-----
Axes           | 4 5 6 7 8 9 |  9.8
Fighting       | |  3.6
Armour         | |  2.4
Dodging        | |  2.1

Action                   |  1- 3 |  4- 6 |  7- 9 || total
-------------------------+-------+-------+-------++-------
Melee: Hand axe          |    83 |   107 |    11 ||   201
       Headbutt          |    12 |    23 |     2 ||    37
       Punch             |       |     3 |       ||     3
Invok: Berserk           |       |     1 |       ||     1
Armor: Animal skin       |    18 |     5 |       ||    23
       Leather armour    |       |     7 |       ||     7
       Scale mail        |       |     5 |     5 ||    10
Dodge: Dodged            |    43 |    52 |     7 ||   102

Table legend: (Time is in decaauts)
 A = Elapsed time spent in this place.
 B = Non-inter-level travel time spent in this place.
 C = Inter-level travel time spent in this place.
 D = Time resting spent in this place.
 E = Time spent auto-exploring this place.
 F = Levels seen in this place.
 G = Mean time per level.
                   A        B        C        D        E       F      G
               +--------+--------+--------+--------+--------+-----+--------+
         Total |   2556 |   2450 |    106 |    259 |   1698 |   4 |  639.0 |
       Dungeon |   2556 |   2450 |    106 |    259 |   1698 |   4 |  639.0 |
               +--------+--------+--------+--------+--------+-----+--------+

Top non-repeatable levels by time:
     D:1: 859 daAuts
     D:2: 857 daAuts
     D:3: 823 daAuts
     D:4: 15 daAuts
